 Dungeon Crawl Stone Soup version 0.29.1-15-g9cfb28693d (webtiles) character file.

Game seed: 2581896811003308690

168 Hugehornet the Covered (level 5, -2/33 HPs)
             Began as a Gargoyle Fighter on Mar 22, 2023.
             Slain by Edmund
             ... wielding a +3 flail of draining
              (10 damage)
             ... on level 4 of the Dungeon.
             The game lasted 00:06:22 (3731 turns).

Hugehornet the Covered (Gargoyle Fighter)           Turns: 3731, Time: 00:06:23

Health: -2/33      AC: 11    Str: 20    XL:     5   Next: 48%
Magic:  6/6        EV:  9    Int: 10    God:
Gold:   224        SH:  4    Dex:  9    Spells: 6/6 levels left

rFire   . . .      SeeInvis .   a - +0 war axe
rCold   + . .      Faith    .   c - +0 buckler
rNeg    + . .      Spirit   .   b - +0 scale mail
rPois   ∞          Reflect  .   (no helmet)
rElec   +          Harm     .   (no cloak)
rCorr   .          Rampage  .   (no gloves)
Will    .....                   (no boots)
Stlth   ..........              (no amulet)
HPRegen 0.11/turn               f - ring of protection from cold
MPRegen 0.10/turn               (no ring)

@: mighty
A: sickness immunity, AC +4, negative energy resistance 1, electricity
resistance, torment resistance 1, petrification resistance
a: no special abilities


You were on level 4 of the Dungeon.
You visited 1 branch of the dungeon, and saw 4 of its levels.

You collected 224 gold pieces.

Inventory:

Hand Weapons
 a - a +0 war axe (weapon)
Armour
 b - a +0 scale mail (worn)
 c - a +0 buckler (worn)
 q - the +1 leather armour of Zaseraaq {rF+++ rN+++ Int-4 Slay-5}
   (You found it on level 2 of the Dungeon)

   Int:       It affects your intelligence (-4).
   Slay:      It affects your accuracy & damage with ranged weapons and melee
   (-5).
   rF:        It renders you almost immune to fire.
   rN:        It renders you almost immune to negative energy.
Jewellery
 f - a ring of protection from cold (left hand)
Scrolls
 e - a scroll of magic mapping {unknown}
 k - a scroll of fog {unknown}
 l - a scroll of amnesia {unknown}
 n - a scroll of teleportation {unknown}
 o - a scroll of enchant weapon {unknown}
 p - 2 scrolls of noise {unknown}
 r - 3 scrolls of blinking {unknown}
 s - 2 scrolls of fear {unknown}
 u - 2 scrolls of enchant armour {unknown}
 v - a scroll of poison {unknown}
Potions
 i - 2 potions of lignification
 j - a potion of haste {unknown}
 m - 2 potions of curing
 t - a potion of ambrosia {unknown}
 w - a potion of mutation {unknown}


   Skills:
 + Level 3.7 Fighting
 * Level 2.8 Axes
 * Level 4.1 Armour
 + Level 1.0 Dodging
 + Level 3.7 Shields
 + Level 1.6 Unarmed Combat
 + Level 1.1 Spellcasting


You had 6 spell levels left.
You didn't know any spells.
Your spell library contained the following spells:

 Spells                   Type           Power      Damage    Failure   Level
 Summon Forest            Summ/Tloc      0%         N/A       100%        5
 Summon Mana Viper        Hex/Summ       0%         N/A       100%        5
 Summon Cactus Giant      Summ           0%         N/A       100%        6


Dungeon Overview and Level Annotations

Branches:
Dungeon (4/15)
 Temple: D:4-7

Altars:

Annotations:
D:1 2 transporters
D:4 Edmund


Innate Abilities, Weirdness & Mutations

You are immune to sickness and miasma.
Your stone body is resilient. (AC +4)
You are immune to poison.
You resist negative energy. (rN+)
You are resistant to electric shocks. (rElec)
You are resistant to unholy torment.
You are immune to petrification.


Message History

Edmund closely misses you.
You hit Edmund but do no damage.
Edmund is moderately wounded.
Edmund hits you with a +3 flail of draining!
* * * LOW HITPOINT WARNING * * *
You hit Edmund but do no damage.
Edmund is moderately wounded.
Edmund hits you but does no damage.
You feel much better. Edmund closely misses you.
You feel very mighty all of a sudden. Edmund barely misses you.
You closely miss Edmund.
Edmund is moderately wounded.
Edmund closely misses you.
Edmund hits you with a +3 flail of draining!
You hit Edmund.
Edmund is heavily wounded.
Edmund hits you with a +3 flail of draining.
You barely miss Edmund.
Edmund is heavily wounded.
You block Edmund's attack.
Edmund hits you with a +3 flail of draining!
You slash Edmund!
Edmund is severely wounded.
You block Edmund's attack.
You barely miss Edmund.
Edmund is severely wounded.
Edmund hits you but does no damage.
You closely miss Edmund.
Edmund is severely wounded.
Edmund hits you with a +3 flail of draining. x2
* * * LOW HITPOINT WARNING * * *
You barely miss Edmund.
Edmund is severely wounded.
You block Edmund's attack.
You closely miss Edmund.
Edmund is severely wounded.
Edmund barely misses you.
Edmund hits you with a +3 flail of draining!
You die...

#. ..#. .#.#####
...... #....#
#....# #....#
#....## #.<#@@##
######)#.##
.K.....)...#
..####....g.....
#..........
#?.........
#..........
#..........
#..........


You could see Edmund.

Vanquished Creatures
  5 adders
  2 worms (D:3)
  14 dart slugs
  An orc (D:3)
  5 ball pythons
  8 bats
  4 endoplasms
  A giant cockroach (D:3)
  6 goblins
  8 hobgoblins
  9 jackals
  2 quokkas
  6 frilled lizards
  8 kobolds
  8 rats
87 creatures vanquished.

Vanquished Creatures (others)
  A plant (D:3)
1 creature vanquished.

Grand Total: 88 creatures vanquished

Notes
Turn   | Place    | Note
-------+----------+-------------------------------------------
     0 | D:1      | Hugehornet the Gargoyle Fighter began the quest for the
                  | Orb.
     0 | D:1      | Reached XP level 1. HP: 14/14 MP: 1/1
    39 | D:1      | Found a faded altar of an unknown god.
   110 | D:1      | Reached XP level 2. HP: 7/19 MP: 2/2
   948 | D:1      | Reached XP level 3. HP: 20/23 MP: 3/3
  1447 | D:2      | Reached skill level 1 in Unarmed Combat
  1779 | D:2      | Reached XP level 4. HP: 28/28 MP: 4/4
  2159 | D:2      | Identified the +1 leather armour of Zaseraaq {rF+++ rN+++
                  | Int-4 Slay-5}
  2579 | D:3      | Reached skill level 1 in Spellcasting
  2770 | D:3      | Reached skill level 4 in Armour
  2770 | D:3      | Reached skill level 1 in Dodging
  2770 | D:3      | Reached XP level 5. HP: 27/33 MP: 6/6
  3702 | D:4      | Noticed Edmund
  3731 | D:4      | Slain by Edmund

Illustrated notes

Levels and vault maps discovered:
D:1:      spicycebolla_arrival_transporter_tutorial, layout_loops_cross,
          hellmonk_ecumenical_altar_dog_temple
D:2:      layout_basic, corexii_hall_statues_x
D:3:      kennysheep_slugbush, layout_basic, chequers_big_river,
          minmay_joined_circles
D:4:      layout_basic, mainiacjoe_overflow_surrounded_room, uniq_edmund

Skill      XL: |  1  2  3  4 |
---------------+-------------+-----
Axes           | 2 |  2.8
Unarmed Combat | 1 |  1.6
Spellcasting   | 1 |  1.1
Armour         | 4 |  4.1
Dodging        | 1 |  1.0
Fighting       | |  3.7
Shields        | |  3.7

Action                   |  1- 3 |  4- 6 || total
-------------------------+-------+-------++-------
Melee: War axe           |   160 |   150 ||   310
  Use: Scroll            |       |     3 ||     3
       Potion            |       |     2 ||     2
Armor: Scale mail        |   115 |    82 ||   197
Dodge: Dodged            |    93 |    75 ||   168
Block: Buckler           |    30 |    34 ||    64
